 Dungeon Crawl Stone Soup version 0.28.0-47-ge53b351184 (webtiles) character file.

Game seed: 8252270890174924435

21 warriortoast the Skirmisher (level 2, -1/28 HPs)
             Began as a Minotaur Fighter on May 10, 2022.
             Slain by Sigmund
             ... wielding a +0 scythe
              (10 damage)
             ... on level 2 of the Dungeon.
             The game lasted 00:01:17 (776 turns).

warriortoast the Skirmisher (Minotaur Fighter)       Turns: 776, Time: 00:01:18

Health: -1/28      AC:  6    Str: 20    XL:     2   Next: 65%
Magic:  1/1        EV:  9    Int:  5    God:
Gold:   11         SH:  9    Dex:  9    Spells: 1/1 levels left

rFire   . . .      SeeInvis .   a - +0 war axe
rCold   . . .      Faith    .   c - +0 buckler
rNeg    . . .      Spirit   .   b - +0 scale mail
rPois   .          Reflect  +   i - +0 hat
rElec   .          Harm     .   (no cloak)
rCorr   .          Rampage  .   (no gloves)
Will    .....                   (no boots)
Stlth   ..........              h - amulet of reflection
HPRegen 0.09/turn               (no ring)
MPRegen 0.07/turn               (no ring)

@: no status effects
A: horns 2, retaliatory headbutt
a: no special abilities


You were on level 2 of the Dungeon.
You visited 1 branch of the dungeon, and saw 2 of its levels.

You collected 11 gold pieces.

Inventory:

Hand Weapons
 a - a +0 war axe (weapon)
Armour
 b - a +0 scale mail (worn)
 c - a +0 buckler (worn)
 i - a +0 hat (worn)
Jewellery
 h - an amulet of reflection (around neck)
Scrolls
 e - a scroll of enchant armour {unknown}
 f - 3 scrolls of fog {unknown}
 g - a scroll of identify {unknown}
 j - a scroll of immolation {unknown}
Potions
 d - a potion of might


   Skills:
 + Level 4.5 Fighting
 + Level 2.9 Axes
 - Level 3.6 Armour
 - Level 3.6 Shields


You had one spell level left.
You didn't know any spells.
Your spell library was empty.

Dungeon Overview and Level Annotations

Branches:
Dungeon (2/15)

Altars:

Annotations:
D:2 Sigmund


Innate Abilities, Weirdness & Mutations

You have a pair of horns on your head.
You reflexively headbutt those who attack you in melee.


Message History

You see here a +0 dagger.
Done exploring.
Done exploring.
There is a stone staircase leading down here.
You climb downwards.
Found 21 stones.
There is a stone staircase leading up here.
A hobgoblin is nearby!
You slash the hobgoblin!
You kill the hobgoblin!
You see here a hobgoblin corpse.
Sigmund the Dreaded comes into view.
He is wielding a +0 scythe and wearing a +1 robe of willpower.
Sigmund shouts!
You block Sigmund's attack.
You closely miss Sigmund. You block Sigmund's attack.
You closely miss Sigmund. Sigmund casts a spell at you.
The puff of flame hits you!
You barely miss Sigmund. Sigmund gestures at you while chanting.
The puff of flame misses you.
You closely miss Sigmund. You headbutt Sigmund.
Sigmund is lightly wounded.
An endoplasm comes into view.
Sigmund casts a spell at you. The magic dart hits you.
You are too injured to fight recklessly!
You are too injured to fight recklessly!
You are too injured to fight recklessly!
You closely miss Sigmund.
Sigmund is lightly wounded.
The endoplasm quivers.
Sigmund hits you with a +0 scythe.
You slash Sigmund!
Sigmund is heavily wounded.
You block Sigmund's attack.
You hit Sigmund. You headbutt Sigmund, but do no damage.
Sigmund is heavily wounded.
Sigmund hits you with a +0 scythe!
You die...

############
#...@@J....#
#.########.#
#..######.
####.........
#.....######
#†###.# #<#
#.# #.# #.#
#.# #.#


You could see Sigmund and an endoplasm.

Vanquished Creatures
  A dart slug (D:1)
  3 bats (D:1)
  An endoplasm (D:1)
  2 goblins (D:1)
  2 hobgoblins
  3 jackals (D:1)
  A quokka (D:1)
  A ball python (D:1)
  A frilled lizard (D:1)
  2 rats (D:1)
17 creatures vanquished.

Notes
Turn   | Place    | Note
-------+----------+-------------------------------------------
     0 | D:1      | warriortoast the Minotaur Fighter began the quest for the
                  | Orb.
     0 | D:1      | Reached XP level 1. HP: 19/19 MP: 0/0
    48 | D:1      | Reached skill level 4 in Fighting
   135 | D:1      | Reached XP level 2. HP: 27/27 MP: 1/1
   183 | D:1      | Found a faded altar of an unknown god.
   766 | D:2      | Noticed Sigmund
   776 | D:2      | Slain by Sigmund

Illustrated notes

Levels and vault maps discovered:
D:1:      mrwooster_arrival_arrow, layout_loops_ring,
          ebering_ecumenical_altar_abandoned
D:2:      layout_loops_ring, minmay_fractal_squares_gapless_5, uniq_sigmund

Skill      XL: |  1 |
---------------+----+-----
Fighting       | 4 |  4.5
Axes           | |  2.9
Armour         | |  3.6
Shields        | |  3.6

Action                   || total
-------------------------++-------
Melee: War axe           ||    40
       Headbutt          ||     3
Armor: Scale mail        ||    16
Dodge: Dodged            ||    16
Block: Buckler           ||    16
